Map: Turbo Cruise '84 LE

Players

Acog - Winner!

  • Race: Terran Terran
  • League: Diamond
  • Spawn Location: 3:00

PeLLy

  • Race: Zerg Zerg
  • League: Diamond
  • Spawn Location: 7:00

VOD

Have the link to the VOD?

Description

Time

  • Played on: Aug. 17, 2019, 3:04 p.m.
  • Length: 8:22
Show
View Real Time Build Order
Export as new Build Order

Acog Terran - Winner!

Build Orders:  

Get SALT Encoding   

  12  0:01  SCV  
  13  0:13  SCV  
  14  0:17  Supply Depot  
  14  0:25  SCV  
  15  0:29  Refinery  
  15  0:39  SCV  
  16  0:46  Barracks  
  16  0:51  SCV  
  17  1:03  SCV  
  18  1:15  SCV  
  19  1:27  SCV  
  20  1:35  Supply Depot  
  20  1:36  Reaper  
  20  1:39  Orbital Command  
  21  1:59  Factory  
  21  2:12  Barracks Reactor  
  21  2:14  Command Center  
  21  2:20  SCV  
  22  2:31  Barracks  
  22  2:44  SCV  
  23  2:45  Factory Tech Lab  
  22  2:52  Supply Depot  
  22  2:53  Marine x2  
  22  2:56  SCV  
  25  3:04  Siege Tank  
  28  3:11  Marine x2  
  30  3:14  SCV  
  31  3:20  Supply Depot, Barracks Tech Lab  
  30  3:32  Marine x2  
  32  3:53  Orbital Command  
  32  3:54  SCV  
  33  3:59  Refinery  
  33  4:01  Engineering Bay x2  
  33  4:02  Siege Tank  
  36  4:06  SCV  
  37  4:19  SCV x2  
  37  4:20  Marine  
  37  4:21  Marine  
  37  4:22  Marauder  
  43  4:30  Supply Depot  
  43  4:31  SCV x2  
  45  4:43  SCV x2  
  49  4:52  Combat Shield  
  49  4:53  Marauder  
  49  4:55  Marine x2  
  51  5:00  SCV x2  
  51  5:02  Refinery  
  51  5:04  Terran Infantry Weapons Level 1  
  53  5:12  SCV  
  53  5:13  Barracks, SCV  
  55  5:15  Supply Depot  
  55  5:17  Marine x2  
  55  5:21  Terran Infantry Armor Level 1  
  57  5:24  Marauder  
  59  5:30  SCV x2  
  59  5:34  Marine x2  
  63  5:39  Supply Depot  
  63  5:41  Siege Tank  
  63  5:42  SCV x2  
  68  5:44  Refinery  
  70  5:50  Marauder  
  70  5:54  SCV x2  
  72  6:06  SCV x2  
  72  6:07  Marine x2  
  72  6:10  Barracks Reactor  
  76  6:13  Siege Tank  
  76  6:18  Supply Depot  
  79  6:20  Supply Depot  
  79  6:25  Marine x2  
  80  6:26  Marauder  
  83  6:36  Armory  
  83  6:39  Barracks  
  83  6:43  SCV x2  
  83  6:44  Marine x2  
  87  6:47  Marauder, Marine x2  
  91  6:55  SCV x2  
  93  7:03  Supply Depot  
  93  7:06  Supply Depot  
  87  7:08  Command Center  
  85  7:24  Marine x2  
  85  7:25  Marine  
  85  7:27  Barracks Reactor  
  88  7:30  Marauder, Marine  
  91  7:42  Marine x3  
  94  7:48  Marine  
  95  7:54  SCV  
  95  7:55  SCV  
  97  7:59  Marauder  
  97  8:00  Marine x3  
  102  8:07  SCV x2  
Show
View Real Time Build Order
Export as new Build Order

PeLLy Zerg 

Build Orders: Hatch First 

Get SALT Encoding   

  12  0:00  Drone  
  13  0:13  Overlord  
  13  0:23  Drone  
  14  0:31  Drone x2  
  16  0:39  Drone  
  17  0:52  Hatchery  
  17  0:56  Drone  
  17  1:11  Spawning Pool  
  16  1:12  Drone  
  16  1:18  Extractor  
  16  1:25  Drone x2  
  18  1:29  Drone  
  19  1:40  Overlord  
  20  2:08  Drone  
  20  2:11  Zergling x4  
  22  2:17  Metabolic Boost  
  22  2:20  Zergling x2  
  22  2:21  Queen x2, Zergling x2  
  28  2:23  Drone  
  29  2:44  Drone  
  29  2:45  Drone x3  
  33  2:53  Drone  
  33  2:54  Drone  
  35  3:00  Drone  
  36  3:08  Hatchery  
  36  3:10  Overlord  
  35  3:15  Lair  
  34  3:35  Drone x6  
  34  3:36  Drone x2  
  34  3:38  Extractor  
  41  3:41  Extractor  
  39  3:49  Drone  
  39  3:50  Drone x3  
  43  3:59  Overlord  
  43  4:13  Evolution Chamber  
  43  4:14  Evolution Chamber  
  43  4:16  Roach Warren  
  40  4:19  Drone x6  
  40  4:22  Queen  
  48  4:26  Queen  
  48  4:30  Overlord  
  50  4:36  Baneling Nest  
  49  4:53  Overlord x3  
  49  5:05  Spore Crawler  
  48  5:10  Glial Reconstitution  
  48  5:12  Zerg Missile Weapons Level 1  
  48  5:14  Zerg Melee Weapons Level 1  
  48  5:15  Roach x2  
  48  5:16  Roach x4  
  60  5:32  Baneling x5  
  60  5:35  Drone x8  
  68  5:45  Spore Crawler  
  68  5:48  Drone x5  
  68  5:49  Drone  
  73  5:52  Spore Crawler  
  73  5:54  Overlord  
  72  6:03  Roach  
  72  6:04  Roach x2  
  78  6:07  Centrifical Hooks  
  78  6:16  Hydralisk Den  
  77  6:23  Roach x6  
  89  6:36  Overlord x3  
  89  6:54  Hatchery, Grooved Spines  
  89  6:56  Burrow  
  89  6:58  Pneumatized Carapace  
  88  7:05  Extractor  
  55  7:16  Roach  
  55  7:17  Roach x7  
  71  7:24  Spine Crawler x2  
  71  7:26  Spine Crawler  
  71  7:29  Zergling x12  
  77  7:30  Zergling x6  
  77  7:39  Ravager x2  
  68  7:54  Baneling x6  
  55  7:59  Roach  
Tags
 
Add a new tag
Caveats
  • Supply blocks, unpowered buildings, or Contaminate may cause inaccurate times.
  • Supply counts are checked every 10 seconds.